 Dungeon Crawl Stone Soup version 0.31-a0-200-gbc41564c69 (webtiles) character file.

Game seed: 12658417494562527711

470 Ijustatesigmund the Stinger (level 7, -15/43 HPs)
             Began as an Octopode Venom Mage on June 26, 2023.
             Demolished by a scorpion (19 damage)
             ... on level 4 of the Dungeon.
             The game lasted 00:08:24 (5295 turns).

Ijustatesigmund the Stinger (Octopode Venom Mage)   Turns: 5295, Time: 00:08:24

Health: -15/43     AC:  1    Str:  7    XL:     7   Next: 9%
Magic:  10/12      EV:  2    Int: 19    God:
Gold:   112        SH:  0    Dex: 13    Spells: 7/13 levels left

rFire   . . .        c - +0 spear
rCold   . . .        (no shield)
rNeg    . . .        (helmet restricted)
rPois   .            (no amulet)
rElec   .            (no ring)
rCorr   .            (no ring)
SInv    .            (no ring)
Will    .....        (no ring)
Stlth   +++          (no ring)
HPRegen 0.27/turn    (no ring)
MPRegen 0.13/turn    (no ring)
                     (no ring)

%: no passive effects
@: lethally poisoned (-15 -> -17), sleeping, studying Ranged Weapons
A: almost no armour, amphibious, 8 rings, camouflage 1, gelatinous body 1,
(nimble swimmer 1), tentacles
a: no special abilities


You were on level 4 of the Dungeon.
You visited 1 branch of the dungeon, and saw 4 of its levels.
You also visited: Sewer.

You collected 112 gold pieces.

Inventory:

Hand Weapons
 c - a +0 spear (weapon)
Armour
 d - a +0 kite shield
Scrolls
 g - a scroll of revelation
Potions
 a - 2 potions of magic
 h - a potion of might {unknown}


   Skills:
 - Level 1.6 Fighting
 - Level 2.0 Dodging
 - Level 2.6 Stealth
 + Level 3.8 Spellcasting
 + Level 2.8 Conjurations
 - Level 1.0 Transmutations
 + Level 3.1 Air Magic
 + Level 5.6 Poison Magic


You had 7 spell levels left.
You knew the following spells:

 Your Spells              Type           Power      Damage    Failure   Level
a - Sting                 Tmut/Pois      64%        1d6       3%          1
b - Poisonous Vapours     Pois/Air       40%        N/A       3%          2
c - Mephitic Cloud        Conj/Pois/Air  18%        N/A       9%          3

Your spell library contained the following spells:

 Spells                   Type           Power      Damage    Failure   Level
 Cigotuvi's Dreadful Rot  Necr/Pois/Air  28%        N/A       6%          2
 Olgreb's Toxic Radiance  Pois           25%        N/A       14%         4
 Volatile Blastmotes      Fire/Tloc      6%         2d10      38%         3
 Fulminant Prism          Conj/Hex       4%         3d5       61%         4
 Iskenderun's Mystic Bla  Conj/Tloc      8%         2d4       61%         4
 Dispel Undead            Necr           3%         3d7       80%         4
 Lee's Rapid Deconstruct  Erth           1%         3d4*      98%         5
 Death Channel            Necr           1%         N/A       100%        6


Dungeon Overview and Level Annotations

Branches:
Dungeon (4/15)              Sewer (visited)
 Temple: D:4-7

Altars:

Shops:
D:1 *


Innate Abilities, Weirdness & Mutations

You cannot wear most types of armour.
You are amphibious.
You can wear up to eight rings at the same time.
Your skin changes colour to match your surroundings (Stealth+).
Your rubbery body absorbs attacks. (AC +1, EV +1)
((You are camouflaged when in or above water. (Stealth+)))
You have tentacles for arms and can constrict up to eight enemies at once.


Message History

The scorpion stings you. x2; The sleepcap releases spores at you.
You hit the sleepcap but do no damage. You grab the sleepcap.
You squeeze the sleepcap!
You destroy the sleepcap!
You feel sick. The scorpion misses you.
Casting: Poisonous Vapours (safe; 3% risk of failure)
Confirm with . or Enter, or press ? or * to list all spells.
Aiming: Sting (safe; 3% risk of failure)
Press: ? - help, Shift-Dir - straight line, f - sleepcap
Aim: a sleepcap (100% to hit)
Okay, then.
Unknown command.
Casting: Sting (safe; 3% risk of failure)
Confirm with . or Enter, or press ? or * to list all spells.
Aiming: Sting (safe; 3% risk of failure)
Press: ? - help, Shift-Dir - straight line, f - sleepcap
Aim: a sleepcap (100% to hit)
The sting hits the sleepcap but does no damage.
The sleepcap is poisoned.
You feel sick. The scorpion misses you. The sleepcap closely misses you.
Casting: Sting (safe; 3% risk of failure)
Confirm with . or Enter, or press ? or * to list all spells.
Aiming: Sting (safe; 3% risk of failure)
Press: ? - help, Shift-Dir - straight line, f - scorpion, p - sleepcap
Aim: a scorpion (74% to hit)
The sting hits the scorpion.
The scorpion is poisoned.
The scorpion is moderately wounded.
You feel sick. The scorpion closely misses you.
The sleepcap releases spores at you.
* * * LOW HITPOINT WARNING * * *
You are engulfed in a cloud of soporific spores!
You are unaffected.
It was a potion of cancellation.
You feel magically purged.
You feel sick.
The scorpion stings you but does no damage.
The sleepcap releases spores at you!
* * * LOW HITPOINT WARNING * * *
You are engulfed in a cloud of soporific spores!
You fall asleep.
The scorpion stings you!!
You die...

#......##.###
#......##.#
##.#.####.#
##+#.####+###
#.....##....#
.#.....##....#
.......$f......#
.........##fs..#
......#####@.!.#
<..... ######
.....> ......
f.#


You could see a sleepcap (poisoned) and a scorpion (poisoned).

Vanquished Creatures
  A phantom (D:4)
  2 kobold brigands (Sewer)
  A scorpion (D:4)
  A sleepcap (D:4)
  8 adders
  2 river rats (Sewer)
  4 worms (Sewer)
  A dart slug (D:3)
  5 ball pythons
  10 endoplasms
  5 giant cockroaches
  3 hobgoblins
  7 quokkas
  4 bats
  5 frilled lizards
  8 goblins
  8 kobolds
  8 rats
83 creatures vanquished.

Vanquished Creatures (collateral kills)
  A frilled lizard (D:2)
1 creature vanquished.

Grand Total: 84 creatures vanquished

Notes
Turn   | Place    | Note
-------+----------+-------------------------------------------
     0 | D:1      | Ijustatesigmund the Octopode Venom Mage began the quest for
                  | the Orb.
     0 | D:1      | Reached XP level 1. HP: 11/11 MP: 3/3
   370 | D:1      | Found Lemalor's General Store.
   545 | D:1      | Reached XP level 2. HP: 18/18 MP: 3/5
   552 | D:1      | Learned a level 2 spell: Poisonous Vapours
   725 | D:1      | You fall into a shaft and drop 1 floor!
   760 | D:2      | Reached skill level 1 in Fighting
   763 | D:2      | Reached skill level 4 in Poison Magic
  1470 | D:2      | Reached XP level 3. HP: 23/23 MP: 3/6
  1482 | D:2      | Learned a level 3 spell: Mephitic Cloud
  1940 | D:3      | Reached skill level 1 in Air Magic
  1976 | D:3      | Found a glowing drain.
  1996 | D:3      | Reached XP level 4. HP: 16/28 MP: 5/7
  2001 | Sewer    | Entered a sewer
  2615 | Sewer    | Reached skill level 1 in Conjurations
  2784 | Sewer    | Reached XP level 5. HP: 33/33 MP: 2/9
  2995 | Sewer    | Noticed a kobold brigand
  3020 | Sewer    | Killed a kobold brigand
  3414 | Sewer    | Noticed a kobold brigand
  3430 | Sewer    | Killed a kobold brigand
  3431 | Sewer    | Reached skill level 5 in Poison Magic
  3431 | Sewer    | Reached XP level 6. HP: 38/38 MP: 4/11
  5030 | D:4      | Reached XP level 7. HP: 29/43 MP: 5/12
  5295 | D:4      | Demolished by a scorpion

Illustrated notes

Levels and vault maps discovered:
D:1:      minmay_arrival_glassed_features, layout_loops_corners, serial_shops,
          shop, serial_bayou_lake_a
D:2:      layout_loops_ring
D:3:      layout_basic, portal_sewer_entry_f
D:4:      layout_basic

Skill      XL: |  1  2  3  4  5  6 |
---------------+-------------------+-----
Fighting       | 1 |  1.6
Poison Magic   | 4 5 |  5.6
Air Magic      | 1 2 3 |  3.1
Conjurations   | 1 2 |  2.8
Spellcasting   | 3 |  3.8
Dodging        | |  2.0
Stealth        | |  2.6
Transmutations | |  1.0

Action                     |  1- 3 |  4- 6 |  7- 9 || total
---------------------------+-------+-------+-------++-------
  Melee: Short sword       |    33 |       |       ||    33
         Tentacles         |    12 |    26 |     6 ||    44
         Constrict         |    11 |    19 |     4 ||    34
         Spear             |    31 |   139 |    17 ||   187
         Punch             |     1 |     2 |       ||     3
   Cast: Sting             |     5 |     4 |     2 ||    11
         Poisonous Vapours |    12 |    38 |       ||    50
         Mephitic Cloud    |       |     1 |       ||     1
    Use: Scroll            |     2 |     2 |     2 ||     6
         Potion            |       |     1 |     2 ||     3
   Stab: Sleeping          |     8 |     4 |     1 ||    13
 Armour: Skin              |     3 |     3 |     2 ||     8
  Dodge: Dodged            |    31 |    47 |    16 ||    94

Table legend: (Time is in decaauts)
 A = Elapsed time spent in this place.
 B = Non-inter-level travel time spent in this place.
 C = Inter-level travel time spent in this place.
 D = Time resting spent in this place.
 E = Time spent auto-exploring this place.
 F = Levels seen in this place.
 G = Mean time per level.
                   A        B        C        D        E       F      G
               +--------+--------+--------+--------+--------+-----+--------+
         Total |   5312 |   5180 |    132 |   1558 |   2927 |   5 | 1062.4 |
       Dungeon |   3484 |   3352 |    132 |    625 |   2273 |   4 |  871.0 |
         Sewer |   1828 |   1828 |      0 |    933 |    654 |   1 | 1828.0 |
               +--------+--------+--------+--------+--------+-----+--------+

Top non-repeatable levels by time:
   Sewer: 1828 daAuts
     D:3: 1337 daAuts
     D:1: 952 daAuts
     D:2: 743 daAuts
     D:4: 451 daAuts
